 Dungeon Crawl Stone Soup version 0.26-a0-808-g930a2b7adc (webtiles) character file.

Game seed: 2507095875259651523

42 SyRaX the Skirmisher (level 3, -3/34 HPs)
             Began as a Minotaur Berserker on Nov 12, 2020.
             Was a Follower of Trog.
             Slain by Grinder (7 damage)
             ... while paralysed by Grinder
             ... on level 3 of the Dungeon.
             The game lasted 00:10:54 (1188 turns).

SyRaX the Skirmisher (Minotaur Berserker)           Turns: 1188, Time: 00:10:54

Health: -3/34      AC:  5    Str: 22    XL:     3   Next: 35%
Magic:  2/2        EV:  2    Int:  4    God:    Trog [*.....]
Gold:   62         SH:  0    Dex:  9    Spells: 2/2 levels left

rFire    . . .     SeeInvis .   l - +1 short sword (drain)
rCold    . . .     Faith    .   (no shield)
rNeg     . . .     Spirit   .   f - +0 ring mail
rPois    .         Reflect  .   (helmet restricted)
rElec    .         Harm     .   (no cloak)
rCorr    .         Rampage  .   (no gloves)
MR       .....                  (no boots)
Stlth    ..........             (no amulet)
HPRegen  0.11/turn              (no ring)
MPRegen  0.08/turn              (no ring)

@: paralysed
A: retaliatory headbutt, horns 2
a: Berserk, Renounce Religion


You were on level 3 of the Dungeon.
You worshipped Trog.
Trog was aware of your devotion.
You visited 1 branch of the dungeon, and saw 3 of its levels.

You collected 62 gold pieces.

Inventory:

Hand Weapons
 a - a +1 spear
 e - a +0 club
 g - a +2 vorpal mace
 j - a +0 short sword
 l - a +1 short sword of draining (weapon)
 p - a cursed -3 club
 q - a +0 short sword
 r - a +0 spear
 t - a +0 club
 w - a +0 hand axe
 y - a +0 short sword
Missiles
 c - 6 boomerangs (quivered)
Armour
 b - a +0 animal skin
 d - a +0 leather armour
 f - a +0 ring mail (worn)
 i - a +2 robe of cold resistance
 m - a +0 ring mail
 v - a +0 ring mail
Jewellery
 k - an uncursed ring of resist corrosion {unknown}
 u - a +4 ring of protection {unknown}
Scrolls
 h - a scroll of amnesia {unknown}
 n - a scroll of fog {unknown}
 o - a scroll of identify {unknown}
Potions
 s - a potion of mutation {unknown}
 x - 2 potions of curing {unknown}


   Skills:
 + Level 4.5 Fighting
 + Level 0.1 Short Blades
 + Level 4.2 Polearms
 + Level 2.7 Armour
 + Level 2.5 Dodging


You had 2 spell levels left.
You didn't know any spells.
Your spell library was empty.

Dungeon Overview and Level Annotations

Branches:
Dungeon (3/15)

Altars:

Annotations:
D:3 Grinder


Innate Abilities, Weirdness & Mutations

You reflexively headbutt those who attack you in melee.
You have a pair of horns on your head.


Message History

Grinder barely misses you.
You completely miss Grinder.
Grinder is lightly wounded.
Grinder hits you!
You writhe in agony.
You puncture Grinder!
Grinder is moderately wounded.
Grinder barely misses you.
You closely miss Grinder.
Grinder is moderately wounded.
Grinder hits you!
* * * LOW HITPOINT WARNING * * *
You hit Grinder. You headbutt Grinder.
Grinder is heavily wounded.
Grinder misses you. Grinder closely misses you.
You barely miss Grinder.
Grinder is heavily wounded.
Grinder gestures at you.
You suddenly lose the ability to move!
Grinder hits you!
You die...

#...................#
#.....######.##.#.#.#
#.......# #......##.
#.#####.# ##........
#. #.# ##...#### #
#.# ##.## # #.# #.#
#.#####.# #.#
#...@)..# ##'##
####5#### ##...## #.#
##.....## #..
##.......## #...
#.........# .....
+.........' ....##
#.........# ##?##
##.......## ##....†##


You could see Grinder.

Vanquished Creatures
  2 oozes (D:1)
  A worm (D:3)
  A dart slug (D:1)
  A leopard gecko (D:1)
  A giant cockroach (D:1)
  3 goblins (D:1)
  2 hobgoblins (D:1)
  4 jackals (D:3)
  2 bats
  A frilled lizard (D:3)
  8 kobolds
  3 rats
29 creatures vanquished.

Notes
Turn   | Place    | Note
-------+----------+-------------------------------------------
     0 | D:1      | SyRaX the Minotaur Berserker began the quest for the Orb.
     0 | D:1      | Reached XP level 1. HP: 19/19 MP: 0/0
   253 | D:1      | Reached XP level 2. HP: 24/27 MP: 1/1
   535 | D:1      | Reached XP level 3. HP: 32/34 MP: 2/2
  1174 | D:3      | Noticed Grinder
  1176 | D:3      | Paralysed by Grinder for 3 turns
  1187 | D:3      | Paralysed by Grinder for 5 turns
  1188 | D:3      | Slain by Grinder

Illustrated notes

Levels and vault maps discovered:
D:1:      arrival_zaba_pyramid, layout_basic
D:2:      layout_loops_ring, kennysheep_okawaru_gauntlet, lemuel_crystal_altar,
          nicolae_qazlal_eye_of_the_storm, serial_forest,
          infiniplex_forest_lined_corner, infiniplex_forest_straight_3,
          infiniplex_forest_clump_curved, infiniplex_forest_zigzag_1,
          infiniplex_forest_straight_4, infiniplex_forest_lined_corner,
          eino_tiny_chamber, kennysheep_generic_room_2
D:3:      layout_loops_corners, kiku_gazebo_garden_becter,
          kennysheep_generic_room_11, uniq_grinder

Skill      XL: |  1  2 |
---------------+-------+-----
Fighting       | 4 |  4.5
Polearms       | 4 |  4.2
Short Blades   | |  0.1
Armour         | |  2.7
Dodging        | |  2.5

Action                   || total
-------------------------++-------
Melee: Spear             ||    19
       Headbutt          ||    12
       Short sword       ||    54
  Use: Scroll            ||     2
Armor: Ring mail         ||    18
       Animal skin       ||     1
Dodge: Dodged            ||    38

Table legend: (Time is in decaauts)
 A = Elapsed time spent in this place.
 B = Non-inter-level travel time spent in this place.
 C = Inter-level travel time spent in this place.
 D = Time resting spent in this place.
 E = Time spent auto-exploring this place.
 F = Levels seen in this place.
 G = Mean time per level.
                   A        B        C        D        E       F      G
               +--------+--------+--------+--------+--------+-----+--------+
         Total |   1190 |   1190 |      0 |      0 |    405 |   3 |  396.7 |
       Dungeon |   1190 |   1190 |      0 |      0 |    405 |   3 |  396.7 |
               +--------+--------+--------+--------+--------+-----+--------+

Top non-repeatable levels by time:
     D:1: 964 daAuts
     D:3: 222 daAuts
     D:2: 3 daAuts
